 Dungeon Crawl Stone Soup version 0.21-a0-531-gacddea6 (webtiles) character file.

44 slep the Slasher (level 3, -2/27 HPs)
             Began as a Demonspawn Gladiator on Dec 14, 2017.
             Slain by an adder (4 damage)
             ... on level 2 of the Dungeon.
             The game lasted 00:02:15 (615 turns).

slep the Slasher (Demonspawn Gladiator)              Turns: 615, Time: 00:02:16

Health: -2/27      AC:  3    Str: 15    XL:     3   Next: 41%
Magic:  3/3        EV: 13    Int:  9    God:
Gold:   27         SH:  0    Dex: 14    Spells: 2/2 levels left

rFire    . . .     SeeInvis .   a - +0 long sword
rCold    . . .     Gourm    .   (no shield)
rNeg     . . .     Faith    .   b - +0 leather armour
rPois    .         Spirit   .   (helmet restricted)
rElec    .         Reflect  .   (no cloak)
rCorr    .         Harm     .   (no gloves)
MR       .....                  (no boots)
Stlth    +.........             (no amulet)
HPRegen  0.09/turn              (no ring)
MPRegen  0.08/turn              (no ring)

@: lethally poisoned (-2 -> -7)
A: horns 1, demonic guardian 1
a: no special abilities


You were on level 2 of the Dungeon.
You were not hungry.

You visited 1 branch of the dungeon, and saw 2 of its levels.

You collected 27 gold pieces.

Inventory:

Hand Weapons
 a - a +0 long sword (weapon)
Missiles
 d - 3 throwing nets (quivered)
Armour
 b - a +0 leather armour (worn)
 c - a +0 helmet
Scrolls
 e - a scroll of enchant armour {unknown}
 g - a scroll of magic mapping {unknown}
 i - 2 scrolls of identify {unknown}
 j - a scroll of remove curse {unknown}
Potions
 h - a potion of curing {unknown}
 k - a potion of magic {unknown}
Comestibles
 f - 2 bread rations


   Skills:
 + Level 2.3 Fighting
 + Level 3.3 Long Blades
 + Level 1.9 Throwing
 + Level 0.1 Armour
 + Level 3.2 Dodging


You had 2 spell levels left.
You didn't know any spells.

Dungeon Overview and Level Annotations

Branches:
Dungeon (2/15)

Altars:
The Shining One


Innate Abilities, Weirdness & Mutations

You have a pair of small horns on your head.
A weak demonic guardian rushes to your aid.


Message History

You hit the adder.
The adder is lightly wounded.
The adder bites you.
You miss the adder.
The adder is lightly wounded.
The adder bites you.
* * * LOW HITPOINT WARNING * * *
The adder misses you.
You riposte.
You hit the adder.
The adder is moderately wounded.
You slash the adder! Your headbutt misses the adder.
The adder is almost dead.
The adder bites you.
* * * LOW HITPOINT WARNING * * *
You are lethally poisoned!
The adder poisons you!
You miss the adder.
The adder is almost dead.
* * * LOW HITPOINT WARNING * * *
You feel sick. The adder bites you.
You die...

. .. #. . #.# #. #.##.
#...? # #...# #. #.#.#
.. .####.######.#@# ...
..............S#....
#.........##.#....._.
#.........##...#.....
.#..............#.$...
...........###..# ....
#.........#....####.###
..#
#.....................
..#
.#....†)...#.#..#.#.#.#
#..#


You could see an adder.

Vanquished Creatures
  2 adders (D:2)
  2 dart slugs (D:1)
  A ball python (D:2)
  3 bats (D:1)
  3 goblins
  2 hobgoblins (D:1)
  2 jackals (D:2)
  A frilled lizard (D:1)
  5 kobolds (D:1)
  3 rats
24 creatures vanquished.

Notes
Turn   | Place    | Note
-------+----------+-------------------------------------------
     0 | D:1      | slep the Demonspawn Gladiator began the quest for the Orb.
     0 | D:1      | Reached XP level 1. HP: 16/16 MP: 1/1
   266 | D:1      | Gained mutation: A weak demonic guardian rushes to your aid. [demonic ancestry]
   266 | D:1      | Reached XP level 2. HP: 15/22 MP: 2/2
   556 | D:2      | Gained mutation: You have a pair of small horns on your head. [demonic ancestry]
   556 | D:2      | Reached XP level 3. HP: 22/27 MP: 3/3
   608 | D:2      | Found a glowing golden altar of the Shining One.
   615 | D:2      | Slain by an adder

Vault maps used:
D:1:      dpeg_arrival_connections
D:2:      bloody_trog, old_standard_altar, first_bread, minmay_misc_feat_columns

Skill      XL: |  1  2 |
---------------+-------+-----
Long Blades    | 3 |  3.3
Dodging        | 3 |  3.2
Fighting       | |  2.3
Throwing       | |  1.9
Armour         | |  0.1

Action                   || total
-------------------------++-------
Melee: Long sword        ||    52
       Headbutt          ||     1
Armor: Leather armour    ||    13
Dodge: Dodged            ||    43
       Rpst.: Long sword ||    23

Table legend:
 A = Spawn XP
 B = Non-spawn XP
 C = Spawn XP percentage of total XP
 D = Spawn monster count
 E = Non-spawn monster count
 F = Spawn count percentage of total count
 G = Total turns spent on level
                    A         B        C        D         E        F      G
               +---------+---------+-------+---------+---------+-------+---------
         Total |       0 |      64 |   0.0 |       0 |      24 |   0.0 |   615
               +---------+---------+-------+---------+---------+-------+---------
           D:1 |       0 |      28 |   0.0 |       0 |      16 |   0.0 |   544
           D:2 |       0 |      36 |   0.0 |       0 |       8 |   0.0 |    71
               +---------+---------+-------+---------+---------+-------+---------
